 Dungeon Crawl Stone Soup version 0.23.2-33-g5129a83 (webtiles) character file.

Game seed: 2651977523974595429

1648509 growler the Wrestler (level 27, 237/237 HPs)
             Began as a Demonspawn Monk on July 10, 2019.
             Was a High Priest of Wu Jian.
             Escaped with the Orb
             ... and 3 runes!
             The game lasted 06:03:13 (81308 turns).

growler the Wrestler (Demonspawn Monk)             Turns: 81308, Time: 06:03:14

Health: 237/237    AC: 20    Str: 26    XL:     27
Magic:  29/29      EV: 31    Int: 16    God:    Wu Jian [*****.]
Gold:   8276       SH: 24    Dex: 34    Spells: 9/26 levels left

rFire    + . .     SeeInvis .     - Unarmed
rCold    . . .     Gourm    .   k - +2 shield "Veat" {rPois rF+ Dex+3}
rNeg     . . .     Faith    .   Y - +1 troll leather armour of Rationality {-Tele Regen+ Int+3 Dex+9}
rPois    +         Spirit   .   (no helmet)
rElec    .         Reflect  +   R - +2 cloak
rCorr    +         Harm     .   i - +0 pair of gloves {Str+3}
MR       +++..     NoTele   +   (boots unavailable)
Stlth    +.........             M - amulet "Ovoarhej" {Reflect +Blink SH+5}
HPRegen  0.89/turn              p - ring "Uhilic" {+Fly MR+ Str+2 Stlth-}
MPRegen  0.21/turn              j - ring of Zabraj {AC+4 Dex+4 Slay+2 Stlth+}

@: no status effects
A: talons 3, yellow scales 3, foul stench 2, spiny 3, augmentation 3, rot
immunity
0: Orb of Zot
}: 3/15 runes: decaying, silver, gossamer
a: Wall Jump, Serpent's Lash, Heavenly Storm, Renounce Religion, Evoke Blink,
Evoke Flight


You escaped.
You worshipped Wu Jian.
Wu Jian was extremely pleased with you.
You were not hungry.

You visited 10 branches of the dungeon, and saw 50 of its levels.
You visited the Abyss 1 time.
You also visited: Bailey and Wizlab.

You collected 9143 gold pieces.
You spent 867 gold pieces at shops.

Inventory:

Missiles
 Q - 1426 arrows
Armour
 a - a +2 helmet
 c - the +1 ring mail of the Komtur {Regen+ Str+7}
   (You bought it in a shop on level 13 of the Dungeon)

   It affects your strength (+7).
   It increases your rate of regeneration.
 i - a +0 pair of gloves of strength (worn)
 k - the +2 shield "Veat" (worn) {rPois rF+ Dex+3}
   (You bought it in a shop on level 13 of the Dungeon)

   It affects your dexterity (+3).
   It protects you from fire.
   It protects you from poison.
 R - a +2 cloak (worn)
 W - +6 fire dragon scales
 Y - the +1 troll leather armour of Rationality (worn) {-Tele Regen+ Int+3 Dex+9}
   (You found it on level 4 of the Depths)

   It affects your intelligence (+3).
   It affects your dexterity (+9).
   It prevents most forms of teleportation.
   It increases your rate of regeneration.
Jewellery
 g - an uncursed ring of protection from cold
 j - the ring of Zabraj (right hand) {AC+4 Dex+4 Slay+2 Stlth+}
   (You found it on level 1 of the Spider Nest)

   [ring of protection]

   It affects your AC (+4).
   It affects your dexterity (+4).
   It affects your accuracy and damage with ranged weapons and melee attacks
   (+2).
   It makes you more stealthy.
 p - the ring "Uhilic" (left hand) {+Fly MR+ Str+2 Stlth-}
   (You acquired it on level 10 of the Dungeon)

   [ring of flight]

   It affects your strength (+2).
   It affects your resistance to hostile enchantments.
   It lets you fly.
   It makes you less stealthy.
 r - an uncursed ring of protection from magic
 v - an uncursed ring of poison resistance
 E - an uncursed ring of protection from cold
 K - an uncursed ring of protection from fire
 M - the amulet "Ovoarhej" (around neck) {Reflect +Blink SH+5}
   (You found it on level 1 of the Spider Nest)

   [amulet of reflection]

   It shields you and reflects attacks.
   It lets you blink.
   It affects your SH (+5).
Wands
 e - a wand of iceblast (50)
 n - a wand of acid (24)
 P - a wand of digging (15)
 X - a wand of enslavement (9)
 Z - a wand of paralysis (27)
Scrolls
 f - 5 scrolls of vulnerability
 l - 8 scrolls of immolation
 m - 5 scrolls of fog
 o - 30 scrolls of remove curse
 y - 31 scrolls of teleportation
 C - 5 scrolls of identify
 D - 10 scrolls of enchant weapon
 H - 8 scrolls of fear
 I - 3 scrolls of magic mapping
 J - 2 scrolls of silence
 L - 5 scrolls of blinking
 N - a scroll of summoning
 S - 2 scrolls of holy word
 U - 14 scrolls of amnesia
Potions
 h - 5 potions of flight
 q - 5 potions of invisibility
 s - 6 potions of brilliance
 t - 25 potions of curing
 w - 11 potions of lignification
 x - 3 potions of cancellation
 z - 2 potions of heal wounds
 A - 9 potions of haste
 B - 15 potions of might
 F - 6 potions of agility
 G - 8 potions of magic
 O - 7 potions of resistance
 T - 7 potions of berserk rage
 V - 5 potions of ambrosia
Comestibles
 b - 91 rations


   Skills:
 + Level 23.7 Fighting
 - Level 12.0 Armour
 - Level 15.0 Dodging
 - Level 1.7 Stealth
 - Level 15.0 Shields
 + Level 26.3 Unarmed Combat
 - Level 18.0 Hexes
 - Level 15.0 Transmutations
 - Level 8.0 Evocations


You had 9 spell levels left.
You knew the following spells:

 Your Spells              Type           Power        Failure   Level  Hunger
a - Confusing Touch       Hex            ######       1%          1    ##.....
b - Sticks to Snakes      Tmut           #######.     1%          2    ###....
c - Tukima's Dance        Hex            #######.     1%          3    ####...
d - Blade Hands           Tmut           #######...   1%          5    ######.
e - Invisibility          Hex            #######.     2%          6    #######

Your spell library contained the following spells:

 Spells                   Type           Power        Failure   Level  Hunger
 Beastly Appendage        Tmut           ######       1%          1    ##.....
 Corona                   Hex            #######      1%          1    ##.....
 Ensorcelled Hibernation  Hex/Ice        ######       1%          2    ###....
 Passwall                 Tmut/Erth      ######..     1%          2    ###....
 Slow                     Hex            #######.     1%          2    ###....
 Confuse                  Hex            #######.     1%          3    ####...
 Dazzling Spray           Conj/Hex       ######       1%          3    ####...
 Inner Flame              Hex/Fire       ######..     1%          3    ####...
 Portal Projectile        Hex/Tloc       ######       1%          3    ####...
 Spectral Weapon          Hex/Chrm       ######..     1%          3    ####...
 Summon Guardian Golem    Hex/Summ       ######..     1%          3    ####...
 Cause Fear               Hex            #######...   1%          4    #####..
 Yara's Violent Unravell  Hex/Tmut       #######...   1%          5    ######.
 Darkness                 Hex            #######...   2%          6    #######
 Spider Form              Tmut/Pois      ######....   3%          3    ####...
 Fulminant Prism          Conj/Hex       ######....   7%          4    #####..
 Leda's Liquefaction      Hex/Erth       ######....   7%          4    #####..
 Hydra Form               Tmut           #######...   9%          6    #######
 Ignite Poison            Fire/Tmut/Pois #####...     11%         3    ####...
 Ice Form                 Ice/Tmut       ######..     13%         4    #####..
 Petrify                  Tmut/Erth      ######..     13%         4    #####..
 Metabolic Englaciation   Hex/Ice        ######....   19%         5    ######.
 Silence                  Hex/Air        ######....   19%         5    ######.
 Animate Skeleton         Necr           N/A          28%         1    ##.....
 Apportation              Tloc           #.....       28%         1    ##.....
 Flame Tongue             Conj/Fire      #....        28%         1    ##.....
 Infusion                 Chrm           #...         28%         1    ##.....
 Magic Dart               Conj           #...         28%         1    ##.....
 Pain                     Necr           #...         28%         1    ##.....
 Sandblast                Erth           #.....       28%         1    ##.....
 Sting                    Conj/Pois      #...         28%         1    ##.....
 Summon Small Mammal      Summ           #...         28%         1    ##.....
 Irradiate                Conj/Tmut      ######....   34%         5    ######.
 Blink                    Tloc           N/A          38%         2    ###....
 Call Imp                 Summ           #.......     38%         2    ###....
 Poisonous Vapours        Pois/Air       #.....       38%         2    ###....
 Searing Ray              Conj           #.....       38%         2    ###....
 Shroud of Golubria       Chrm/Tloc      #.........   38%         2    ###....
 Song of Slaying          Chrm           #.......     38%         2    ###....
 Swiftness                Chrm/Air       #.......     38%         2    ###....
 Throw Flame              Conj/Fire      #.....       38%         2    ###....
 Dragon Form              Tmut           #######...   45%         7    #######
 Call Canine Familiar     Summ           #.......     63%         3    ####...
 Conjure Flame            Conj/Fire      #.......     63%         3    ####...
 Gell's Gravitas          Tloc           #.........   63%         3    ####...
 Mephitic Cloud           Conj/Pois/Air  #.......     63%         3    ####...
 Regeneration             Chrm/Necr      #.........   63%         3    ####...
 Static Discharge         Conj/Air       #.......     63%         3    ####...
 Stone Arrow              Conj/Erth      #.....       63%         3    ####...
 Discord                  Hex            #######...   75%         8    #######
 Statue Form              Tmut/Erth      ######...    89%         6    #######
 Force Lance              Conj/Tloc      #.......     95%         4    #####..
 Iskenderun's Mystic Bla  Conj           #.......     95%         4    #####..
 Olgreb's Toxic Radiance  Pois           #.......     95%         4    #####..
 Sticky Flame             Conj/Fire      #.......     95%         4    #####..
 Summon Ice Beast         Ice/Summ       #.......     95%         4    #####..
 Summon Lightning Spire   Summ/Air       #.......     95%         4    #####..
 Throw Icicle             Conj/Ice       #.......     95%         4    #####..
 Bolt of Draining         Conj/Necr      #.........   100%        5    ######.
 Bolt of Magma            Conj/Fire/Erth #.........   100%        5    ######.
 Borgnjor's Vile Clutch   Necr/Erth      #.........   100%        5    ######.
 Dispel Undead            Necr           #.......     100%        5    ######.
 Excruciating Wounds      Chrm/Necr      #.........   100%        5    ######.
 Fireball                 Conj/Fire      #.........   100%        5    ######.
 Iskenderun's Battlesphe  Conj/Chrm      #.......     100%        5    ######.
 Lee's Rapid Deconstruct  Erth           #.........   100%        5    ######.
 Lightning Bolt           Conj/Air       #.........   100%        5    ######.
 Summon Demon             Summ           #.........   100%        5    ######.
 Summon Forest            Summ/Tloc      #.........   100%        5    ######.
 Venom Bolt               Conj/Pois      #.........   100%        5    ######.
 Bolt of Cold             Conj/Ice       #.........   100%        6    #######
 Bolt of Fire             Conj/Fire      #.........   100%        6    #######
 Conjure Ball Lightning   Conj/Air       #.........   100%        6    #######
 Deflect Missiles         Chrm/Air       #.........   100%        6    #######
 Iron Shot                Conj/Erth      #.........   100%        6    #######
 Shadow Creatures         Summ           N/A          100%        6    #######
 Haunt                    Necr/Summ      #.........   100%        7    #######
 Malign Gateway           Summ/Tloc      #.........   100%        7    #######
 Monstrous Menagerie      Summ           #.........   100%        7    #######
 Ring of Flames           Chrm/Fire      #.........   100%        7    #######
 Summon Greater Demon     Summ           #.........   100%        7    #######
 Borgnjor's Revivificati  Necr           #.........   100%        8    #######
 Death's Door             Chrm/Necr      #.........   100%        8    #######
 Ignition                 Fire           #.........   100%        8    #######
 Infestation              Necr           #.........   100%        8    #######
 Necromutation            Tmut/Necr      ######....   100%        8    #######
 Summon Horrible Things   Summ           #.........   100%        8    #######
 Shatter                  Erth           #.........   100%        9    #######
 Tornado                  Air            #.........   100%        9    #######
 Passage of Golubria      Tloc           Unusable     N/A         4    N/A

Dungeon Overview and Level Annotations

Branches:
Dungeon (15/15)            Temple (1/1) D:5            Lair (6/6) D:9
  Swamp (4/4) Lair:2       Spider (4/4) Lair:4        Slime (0/5) Lair:5
    Orc (2/2) D:10            Elf (3/3) Orc:2        Vaults (5/5) D:14
  Crypt (0/3) Vaults:3     Depths (5/5) D:15            Zot (5/5) Depths:5

Altars:
Ashenzari
Cheibriados
Dithmenos
Elyvilon
Fedhas
Gozag
Hepliaklqana
Kikubaaqudgha
Makhleb
Nemelex Xobeh
Okawaru
Qazlal
Ru
Sif Muna
Trog
Uskayaw
Vehumet
Wu Jian
Xom
Yredelemnul
Zin
The Shining One

Shops:
D:9 }   D:12 *   D:13 [   Orc:2 %*}=   Elf:1 =   Vaults:2 :   Vaults:4 :
Vaults:5 }(

Portals:
Hell: Depths:1 Depths:2 Depths:3 Depths:4 Depths:5
Abyss: Depths:1 Depths:4
Pandemonium: Depths:2 Depths:3
Ziggurat: Depths:1

Annotations:
D:2 exclusion: oklob plant
Lair:5 exclusion: oklob plant


Innate Abilities, Weirdness & Mutations

You have claws for feet.
You are completely covered in yellow scales. (AC +4, rCorr)
You frequently emit foul miasma when damaged in melee.
You are completely covered in sharp spines.
Your magical and physical power is greatly enhanced at high health.
You are immune to rotting.


Message History

Aiming: Dig
Press: ? - help, Shift-Dir - straight line You can't see that place.
Okay, then.
The cherub unwields a +3 scimitar of flaming.
It stops flaming.
The cherub wields a +0 longbow.
The cherub shoots an arrow.
The arrow closely misses you.
You see here an arrow.
Evoke which item? (* to show all) (? for menu, Esc to quit)
Aiming: Dig
Press: ? - help, Shift-Dir - straight line You can't see that place. [a rock wall.]
The rock shatters into small pieces.
The cherub shoots an arrow.
You reflect the arrow off an invisible shield around you!
The arrow closely misses the cherub.
You open the door.
There is an open door here.
There is a staircase leading out of the dungeon here.
You have escaped!

......# ######.##
#..#.... ......# ##♣
##.# ##.#.... ......#
♣♣.## #.## #......
......# #♣♣##.#.♣♣♣#♣A#
##..... #######
#............♣#####.##.#
#...........≈##......#.#
#..#######..♣##.####.#+#
♣#..#P....#..♣#..# #....
#♣...'...@.#...#.##
#.... #.≈..#.....#..#.##
##... ##...#.....'...##
#... ♣♣..#P....#..#♣
#..# ♣..#######..#
###..# #...........#
#....( ♣...........♣
#..... ♣.#♣♣.♣.##♣♣#
#...>. #♣♣ ♣♣.♣# #.....


There were no monsters in sight!

Vanquished Creatures
  12 orbs of fire
  Mara (Swamp:3)
  6 ancient liches
  2 juggernauts (Depths:4)
  Boris (Vaults:4)
  Sojobo (Vaults:4)
  Bai Suzhen (Vaults:5)
  2 Killer Klowns (Zot:5)
  A pandemonium lord (D:5)
  3 curse toes
  2 caustic shrikes
  The ghost of numlockpick the Wallflower, a veteran GnGl of Uskayaw (Depths:3)
  13 golden dragons
  Nikola (Spider:4)
  A bone dragon (Depths:5)
  10 liches
  3 electric golems
  18 tentacled monstrosities
  Rupert (Orc:2)
  26 Orb Guardians
  3 deep elf blademasters
  4 titans
  2 deep elf master archers (Elf:3)
  The ghost of growler the Earth Mage, an adept FoEE of Cheibriados (Swamp:2)
  6 quicksilver dragons
  13 death cobs
  10 sphinxes
  11 shadow dragons
  Agnes (Elf:2)
  Kirke (Swamp:1)
  12 tengu reavers
  4 thorn hunters
  20 storm dragons
  8 draconian monks
  15 frost giants
  A nagaraja (Vaults:4)
  3 deep elf sorcerers
  20 vault wardens
  12 fire giants
  A draconian scorcher (Depths:5)
  A juggernaut zombie (Depths:2)
  A draconian knight (Zot:2)
  Aizul (Swamp:1)
  6 ghost moths
  7 emperor scorpions
  Louise (Swamp:4)
  2 deep elf elementalists
  An orc warlord (Depths:4)
  3 draconian stormcallers
  12 ironheart preservers
  2 draconian shifters
  3 spriggan defenders
  25 very ugly things
  12 draconian annihilators
  2 entropy weavers
  25 stone giants
  3 war gargoyles
  11 deep elf demonologists
  6 vampire knights
  Nessos (Lair:5)
  The ghost of Sret the Corrupter of Planes, a journeyman FoAK of Lugonu (D:13)
  13 green draconians
  10 white draconians
  A dire elephant (D:15)
  12 black draconians
  13 spark wasps
  20 purple draconians
  12 yellow draconians
  7 deep elf annihilators
  5 red draconians
  A green death (Depths:5)
  16 ettins
  9 deep elf death magi
  9 statues (WizLab)
  2 merfolk impalers (Depths:4)
  13 great orbs of eyes
  3 deep elf high priests
  12 yaktaur captains
  Harold (D:9)
  10 fire dragons
  8 rakshasas
  40 vault guards
  9 ice dragons
  7 shambling mangroves
  A hell beast (D:2)
  4 spriggan air magi
  33 hydras
  An anaconda (shapeshifter) (Depths:4)
  16 centaur warriors
  5 death knights
  14 alligators
  A death yak (shapeshifter) (Vaults:5)
  28 dancing weapons
  48 two-headed ogres
  16 ogre magi
  8 deep troll shamans
  8 spriggan berserkers
  3 vampire magi
  5 orc high priests
  5 death yaks
  A thrashing horror (Abyss:2)
  5 tengu warriors
  13 deep troll earth magi
  A sun demon (Depths:3)
  10 hell knights
  The ghost of 0gre the Carver, a novice MiBe of Trog (D:6)
  22 deep elf knights
  2 fire crabs (shapeshifter)
  4 iron trolls
  5 shadow wraiths
  A swamp dragon (shapeshifter) (Depths:1)
  A sixfirhy (D:6)
  2 unseen horrors
  4 swamp dragons
  A death drake (shapeshifter) (Vaults:1)
  27 deep trolls
  5 glowing orange brains
  A flayed ghost (Depths:4)
  4 wizards
  18 deep elf archers
  4 spriggan druids
  6 harpies
  15 ironbrand convokers
  8 necromancers
  2 harpies (shapeshifter)
  An orange crystal statue (Zot:5)
  10 phantasmal warriors
  67 deep elf magi
  An orb spider (shapeshifter) (Vaults:3)
  30 orb spiders
  39 ugly things
  A human zombie (Vaults:3)
  32 wolf spiders
  An iron dragon zombie (Depths:1)
  A shadow dragon skeleton (Depths:1)
  A mana viper (shapeshifter) (Depths:3)
  22 orc knights
  A wolf spider (shapeshifter) (Vaults:4)
  A wolf spider zombie (D:12)
  6 orc sorcerers
  A tengu skeleton (Depths:2)
  A frost giant zombie (Vaults:3)
  A cyclops (shapeshifter) (Depths:3)
  10 manticores
  2 oklob plants (Swamp:2)
  9 cyclopes
  18 elephants
  A worldbinder (Abyss:2)
  26 moths of wrath
  16 vault sentinels
  9 black mambas
  2 guardian serpents
  A guardian serpent (shapeshifter) (Depths:2)
  2 torpor snails (Spider:3)
  2 frost giant skeletons
  20 spiny frogs
  An eye of devastation (Vaults:4)
  3 gargoyles
  5 spectral swamp worms (Depths:1)
  A spiny frog (shapeshifter) (Vaults:2)
  2 smoke demons (Abyss:2)
  5 komodo dragons
  4 rime drakes
  7 freezing wraiths
  6 demonic crawlers
  46 yaktaurs
  A kobold demonologist (D:14)
  2 ancient zymes (Abyss:2)
  A yaktaur skeleton (Vaults:3)
  An entropy weaver simulacrum (Vaults:3)
  2 tengu conjurers
  A queen bee (shapeshifter) (Vaults:4)
  5 polar bears (D:13)
  9 trolls
  A queen bee (Depths:4)
  32 jumping spiders
  3 meliai (D:14)
  10 tyrant leeches
  A polar bear (shapeshifter) (Depths:1)
  A slime creature (shapeshifter) (Vaults:4)
  A meliai (shapeshifter) (Depths:4)
  2 hornets (shapeshifter)
  19 blink frogs
  A wolf spider simulacrum (D:13)
  35 hornets
  A raiju (Abyss:2)
  2 dream sheep (D:10)
  50 slime creatures
  11 hippogriffs
  8 bog bodies
  An ice dragon zombie (Depths:1)
  A large abomination (Abyss:2)
  A centaur simulacrum (D:13)
  4 shadows
  3 air elementals (Elf:1)
  71 redbacks
  28 tarantellas
  14 spriggans
  A tarantella (shapeshifter) (D:15)
  17 water elementals
  60 yaks
  Sigmund (D:6)
  17 wyverns
  2 fire bats (Lair:4)
  A hog (shapeshifter) (Depths:3)
  A vampire (D:15)
  4 wraiths
  2 fire elementals
  2 basilisks
  6 hogs (Swamp:1)
  Eustachio (D:6)
  2 hungry ghosts
  11 vampire mosquitoes
  21 swamp worms
  A warg (shapeshifter) (Elf:2)
  10 insubstantial wisps
  5 wargs
  An acid dragon (Vaults:2)
  2 soldier ants
  18 swamp drakes
  5 hell hounds (Elf:3)
  17 water moccasins
  9 porcupines
  An ice dragon simulacrum (Depths:1)
  A sky beast (shapeshifter) (Depths:1)
  9 ice beasts
  41 orc warriors
  2 phantoms
  A hornet zombie (D:15)
  A black bear (D:11)
  5 necrophages
  5 sky beasts
  41 ogres
  25 boggarts
  3 eyes of draining
  19 wolves
  A tengu (shapeshifter) (Vaults:5)
  7 crocodiles
  19 centaurs
  3 big kobolds (D:10)
  18 bullfrogs
  A human simulacrum (Depths:2)
  A glowing shapeshifter simulacrum (Vaults:2)
  A wyvern skeleton (D:15)
  2 water moccasin zombies
  6 earth elementals
  A small abomination (D:6)
  7 scorpions
  30 killer bees
  14 wights
  7 electric eels
  9 crimson imps
  8 howler monkeys
  5 centaur zombies
  5 quasits
  2 bullfrog zombies
  5 hounds
  30 orc priests
  2 iguanas
  8 jellies
  3 bullfrog skeletons
  5 centaur skeletons
  13 worker ants
  Natasha (thrice) (D:2)
  31 orc wizards
  6 hell rats (Lair:6)
  4 polar bear simulacra (Lair:6)
  A killer bee zombie (D:5)
  2 yak simulacra (Lair:6)
  3 wolf simulacra (Lair:6)
  A hound zombie (D:5)
  A hound skeleton (D:4)
  17 adders
  2 shadow imps
  4 white imps
  2 oozes
  2 adder zombies
  4 worms
  7 dart slugs
  8 leopard geckos
  97 orcs
  9 giant cockroaches
  9 goblins
  8 hobgoblins
  13 jackals
  5 quokkas
  3 ball pythons
  11 bats
  6 frilled lizards
  A jackal skeleton (D:5)
  21 kobolds
  A quokka skeleton (D:6)
  A quokka zombie (D:8)
  6 rats
  2 river rat simulacra (Lair:6)
  5 briar patches
  4 crawling corpses (Elf:3)
  A fire vortex (Lair:4)
  2 fungi (Swamp:2)
  A plant (Swamp:1)
2598 creatures vanquished.

Vanquished Creatures (others)
  A titan (Depths:5)
  A thorn hunter (Swamp:4)
  A stone giant (Depths:2)
  2 red draconians (Zot:2)
  An ogre mage (Vaults:3)
  2 deep elf archers
  A yaktaur (Depths:4)
  A jumping spider (Spider:1)
  2 tarantellas
  An orc warrior (Vaults:4)
  A boggart (Vaults:3)
  A centaur (D:13)
  A killer bee (Depths:4)
  An orc wizard (D:13)
  A white imp (D:13)
  4 kobolds (Bailey)
  7 briar patches
  2 bushes
  17 fungi
  29 plants
77 creatures vanquished.

Grand Total: 2675 creatures vanquished

Notes
Turn   | Place    | Note
-------+----------+-------------------------------------------
     0 | D:1      | growler the Demonspawn Monk began the quest for the Orb.
     0 | D:1      | Reached XP level 1. HP: 18/18 MP: 1/1
   234 | D:1      | Gained mutation: You have sharp toenails. [demonic
                  | ancestry]
   234 | D:1      | Reached XP level 2. HP: 13/24 MP: 2/2
   480 | D:1      | Reached skill level 3 in Unarmed Combat
   681 | D:1      | Gained mutation: You are partially covered in sharp spines.
                  | [demonic ancestry]
   681 | D:1      | Reached XP level 3. HP: 29/29 MP: 3/3
  1321 | D:2      | Gained mutation: You have razor-sharp toenails. [demonic
                  | ancestry]
  1321 | D:2      | Reached XP level 4. HP: 30/37 MP: 4/4
  1472 | D:2      | Found a blossoming altar of Fedhas.
  1492 | D:2      | Noticed an oklob plant
  1602 | D:2      | Noticed Natasha
  1643 | D:2      | Killed Natasha
  1716 | D:2      | Noticed Natasha
  1721 | D:2      | Killed Natasha
  1721 | D:2      | Gained mutation: You are mostly covered in sharp spines.
                  | [demonic ancestry]
  1721 | D:2      | Reached XP level 5. HP: 36/42 MP: 5/5
  1758 | D:2      | Noticed Natasha
  1768 | D:2      | Killed Natasha
  2315 | D:3      | Reached skill level 4 in Unarmed Combat
  2551 | D:3      | You fall through a shaft for 3 floors!
  2585 | D:5      | Entered Level 5 of the Dungeon
  2725 | D:5      | Gained mutation: You are partially covered in yellow
                  | scales. (AC +2) [demonic ancestry]
  2725 | D:5      | Reached XP level 6. HP: 49/49 MP: 6/6
  3361 | D:4      | Reached skill level 5 in Fighting
  3853 | D:5      | Noticed an ice beast
  3854 | D:5      | Found a staircase to the Ecumenical Temple.
  3860 | Temple   | Entered the Ecumenical Temple
  4111 | D:5      | Killed an ice beast
  4111 | D:5      | Reached XP level 7. HP: 56/56 MP: 7/7
  4267 | D:5      | Found a radiant altar of Vehumet.
  4279 | D:5      | Reached skill level 5 in Dodging
  4279 | D:5      | Reached skill level 5 in Unarmed Combat
  4995 | D:6      | Found an iron altar of Okawaru.
  4996 | D:6      | Noticed Eustachio
  5006 | D:6      | Gained mutation: You are immune to rotting. [demonic
                  | ancestry]
  5006 | D:6      | Reached XP level 8. HP: 55/64 MP: 8/8
  5021 | D:6      | Killed Eustachio
  5192 | D:6      | Reached skill level 6 in Unarmed Combat
  5244 | D:6      | Learned a level 1 spell: Confusing Touch
  5372 | D:6      | Found a runed translucent door.
  5372 | D:6      | Found a shimmering altar of Xom.
  5372 | D:6      | Noticed 0gre's ghost (novice MiBe)
  5373 | D:6      | Noticed a +1 scimitar of chaos
  5381 | D:6      | Noticed Sigmund
  5398 | D:6      | Killed Sigmund
  5398 | D:6      | Reached skill level 1 in Hexes
  5817 | D:6      | Reached skill level 7 in Unarmed Combat
  5817 | D:6      | Gained mutation: You are mostly covered in yellow scales.
                  | (AC +3) [demonic ancestry]
  5817 | D:6      | Reached XP level 9. HP: 68/72 MP: 9/9
  6384 | D:7      | Found an ancient bone altar of Kikubaaqudgha.
  6698 | D:7      | Reached skill level 5 in Hexes
  6792 | D:7      | Reached skill level 8 in Unarmed Combat
  7142 | D:8      | Found a flagged portal.
  7211 | Bailey   | Entered a bailey
  7654 | Bailey   | Noticed an orc knight
  8414 | D:9      | Reached skill level 9 in Unarmed Combat
  8439 | D:9      | Gained mutation: You may emit foul miasma when damaged in
                  | melee. [demonic ancestry]
  8439 | D:9      | Reached XP level 10. HP: 79/79 MP: 10/10
  8727 | D:9      | Got a bronze leather armour
  8738 | D:9      | Identified the cursed +0 leather armour of Listlessness
                  | {-Tele MR+ rCorr Int+3} (You found it on level 9 of the
                  | Dungeon)
  8820 | D:9      | Found Uses's Gadget Boutique.
  8834 | D:9      | Found a deep blue altar of Sif Muna.
  8834 | D:9      | Noticed Harold
  8839 | D:9      | Found an ornate altar of the Wu Jian Council.
  8852 | D:9      | Killed Harold
  8852 | D:9      | Reached skill level 10 in Unarmed Combat
  8873 | D:9      | Became a worshipper of the Wu Jian Council
  8873 | D:9      | Reached * piety under Wu Jian
  8873 | D:9      | Reached ** piety under Wu Jian
  9295 | D:9      | Found a staircase to the Lair.
  9427 | D:10     | Entered Level 10 of the Dungeon
  9532 | D:10     | Reached skill level 1 in Armour
  9621 | D:10     | Noticed a three-headed hydra
  9634 | D:10     | Reached skill level 11 in Unarmed Combat
  9636 | D:10     | Killed a three-headed hydra
 10041 | D:10     | Gained mutation: You have claws for feet. [demonic
                  | ancestry]
 10041 | D:10     | Reached XP level 11. HP: 69/84 MP: 11/11
 10327 | D:10     | Found a staircase to the Orcish Mines.
 10362 | D:10     | Noticed a two-headed ogre
 10374 | D:10     | Killed a two-headed ogre
 11532 | D:11     | Reached *** piety under Wu Jian
 11655 | D:12     | You fall through a shaft!
 11655 | D:13     | Noticed a centaur warrior
 11660 | D:13     | Noticed a two-headed ogre
 12068 | Lair:1   | Entered Level 1 of the Lair of Beasts
 12074 | Lair:1   | Reached skill level 5 in Armour
 12542 | Lair:1   | Reached skill level 12 in Unarmed Combat
 13292 | Lair:2   | Reached XP level 12. HP: 67/91 MP: 12/12
 13299 | Lair:2   | Reached **** piety under Wu Jian
 14249 | Lair:2   | Found a staircase to the Swamp.
 14482 | Lair:3   | Noticed a six-headed hydra
 14492 | Lair:3   | Killed a six-headed hydra
 14815 | Lair:3   | Noticed an eight-headed hydra
 14845 | Lair:3   | Killed an eight-headed hydra
 15532 | Lair:4   | Found a hole to the Spider Nest.
 15549 | Lair:4   | Reached skill level 13 in Unarmed Combat
 15571 | Lair:4   | Reached skill level 10 in Dodging
 17218 | Lair:5   | Noticed a six-headed hydra
 17231 | Lair:5   | Killed a six-headed hydra
 17231 | Lair:5   | Reached XP level 13. HP: 80/96 MP: 13/13
 17692 | Lair:5   | Noticed Nessos
 17697 | Lair:5   | Found a staircase to the Slime Pits.
 17715 | Lair:5   | Killed Nessos
 19525 | Lair:6   | Entered Level 6 of the Lair of Beasts
 19538 | Lair:5   | Reached skill level 14 in Unarmed Combat
 20405 | Lair:6   | Learned a level 2 spell: Sticks to Snakes
 20568 | Lair:6   | Reached ***** piety under Wu Jian
 20591 | Lair:6   | Reached skill level 1 in Transmutations
 20637 | Lair:6   | Reached XP level 14. HP: 61/105 MP: 14/14
 22948 | Orc:1    | Entered Level 1 of the Orcish Mines
 24086 | Orc:2    | Entered Level 2 of the Orcish Mines
 24250 | Orc:2    | Noticed Rupert
 24257 | Orc:2    | Found a staircase to the Elven Halls.
 24263 | Orc:2    | Killed Rupert
 24468 | Orc:2    | Found Lorokh's Jewellery Shop.
 25007 | Orc:2    | Reached skill level 5 in Transmutations
 25037 | Orc:2    | Reached skill level 15 in Unarmed Combat
 25069 | Orc:2    | Reached skill level 10 in Fighting
 25455 | Orc:2    | Found Sufeti's Gadget Emporium.
 25461 | Orc:2    | Found Mixaf's Assorted Antiques.
 25463 | Orc:2    | Found Hepyuk's Food Shop.
 25775 | D:12     | Reached ****** piety under Wu Jian
 26040 | D:12     | Identified the Reference Book on the Entourage and Unholy
                  | Secrets
 26128 | D:12     | Found Kaicuuh's Assorted Antiques.
 26549 | D:12     | Found a shattered altar of Ashenzari.
 26624 | D:13     | Reached XP level 15. HP: 89/117 MP: 15/15
 27225 | D:13     | Found a runed translucent door.
 27226 | D:13     | Identified the cursed +2 spear "Banisher" {elec, +Inv
                  | rPois}
 27329 | D:13     | Noticed Sret's ghost (journeyman FoAK)
 27849 | D:12     | Learned a level 3 spell: Tukima's Dance
 27956 | D:13     | Found Readeprano's Armour Shop.
 28033 | D:13     | Reached skill level 1 in Shields
 28296 | D:13     | Bought the cursed +1 ring mail of the Komtur {Regen+ Str+7}
                  | for 360 gold pieces
 29256 | D:14     | Found a gate to the Vaults.
 29722 | D:15     | Entered Level 15 of the Dungeon
 30333 | D:15     | Found a staircase to the Depths.
 30446 | D:15     | Reached skill level 16 in Unarmed Combat
 30610 | D:15     | Gained mutation: Your magical and physical power is
                  | slightly enhanced at high health. [demonic ancestry]
 30610 | D:15     | Reached XP level 16. HP: 108/127 MP: 16/16
 30964 | Swamp:1  | Entered Level 1 of the Swamp
 31119 | Swamp:1  | Learned a level 5 spell: Blade Hands
 31260 | Swamp:1  | Noticed Aizul
 31293 | Swamp:1  | Killed Aizul
 31342 | Swamp:1  | Noticed Kirke
 31371 | Swamp:1  | Killed Kirke
 32866 | Swamp:2  | Found a runed translucent door.
 32867 | Swamp:2  | Identified the +10 spear of the Ship {drain, Dex+6}
 32867 | Swamp:2  | Noticed growler's ghost (adept FoEE)
 32951 | Swamp:2  | Noticed a thorn hunter
 32951 | Swamp:2  | Noticed a thorn hunter
 32963 | Swamp:2  | Killed a thorn hunter
 32963 | Swamp:2  | Reached skill level 10 in Armour
 32963 | Swamp:2  | Paralysed by a hornet for 1 turns
 33096 | Swamp:2  | Killed a thorn hunter
 33275 | Swamp:3  | Reached skill level 10 in Transmutations
 33507 | Swamp:3  | Noticed Mara
 33523 | Swamp:3  | Noticed growler's illusion
 33737 | Swamp:3  | Noticed growler's illusion
 33807 | Swamp:3  | Noticed growler's illusion
 33817 | Swamp:3  | Killed Mara
 34225 | Swamp:4  | Entered Level 4 of the Swamp
 34259 | Swamp:4  | Reached XP level 17. HP: 105/133 MP: 17/17
 34325 | Swamp:4  | Reached skill level 17 in Unarmed Combat
 34924 | Swamp:4  | Got a decaying rune of Zot
 35187 | Swamp:4  | Noticed Louise
 35189 | Swamp:4  | Cast into level 2 of the Abyss (Louise)
 35392 | Swamp:4  | Escaped the Abyss
 35406 | Swamp:4  | Killed Louise
 35868 | Spider:1 | Entered Level 1 of the Spider Nest
 35972 | Spider:1 | Found a transporter.
 37344 | Spider:3 | Reached skill level 18 in Unarmed Combat
 37579 | Spider:3 | Gained mutation: Your magical and physical power is
                  | enhanced at high health. [demonic ancestry]
 37579 | Spider:3 | Reached XP level 18. HP: 140/140 MP: 18/18
 38119 | Spider:4 | Entered Level 4 of the Spider Nest
 38159 | Spider:4 | HP: 6/140 [disintegration (52)]
 38386 | Spider:4 | Identified a scroll of acquirement
 38839 | Spider:4 | Noticed Nikola
 38860 | Spider:4 | Killed Nikola
 39480 | Spider:4 | Reached skill level 19 in Unarmed Combat
 39776 | Spider:4 | Got a gossamer rune of Zot
 40009 | D:10     | Got a flickering marble ring
 40011 | D:10     | Identified the ring "Uhilic" {+Fly MR+ Str+2 Stlth-} (You
                  | acquired it on level 10 of the Dungeon)
 40164 | Spider:1 | Found a transporter.
 40435 | Spider:1 | Got a steaming jade ring
 40451 | Spider:1 | Got a faintly glowing golden amulet
 40458 | Spider:1 | Identified the amulet "Ovoarhej" {Reflect +Blink SH+5} (You
                  | found it on level 1 of the Spider Nest)
 40464 | Spider:1 | Identified the ring of Zabraj {AC+4 Dex+4 Slay+2 Stlth+}
                  | (You found it on level 1 of the Spider Nest)
 40467 | Spider:1 | Identified the Guide on Lucky Malediction
 40686 | Vaults:1 | Entered Level 1 of the Vaults
 41314 | Vaults:1 | Reached skill level 1 in Evocations
 41553 | Vaults:1 | Paralysed by an orc sorcerer for 4 turns
 42019 | Vaults:1 | Gained mutation: You frequently emit foul miasma when
                  | damaged in melee. [demonic ancestry]
 42019 | Vaults:1 | Reached XP level 19. HP: 146/146 MP: 22/22
 42837 | Vaults:2 | Found Cota's Book Emporium.
 42923 | Vaults:2 | Found a magical portal.
 43112 | WizLab   | Entered Iskenderun's Mystic Tower
 43129 | WizLab   | Reached skill level 20 in Unarmed Combat
 45283 | WizLab   | Identified Iskenderun's Handbook of Conjuration
 45283 | WizLab   | Identified Iskenderun's Compendium of Confrontation
 45531 | Vaults:2 | You fall through a shaft for 2 floors!
 46667 | Vaults:3 | Reached XP level 20. HP: 153/153 MP: 23/23
 48245 | Vaults:2 | Reached skill level 21 in Unarmed Combat
 48799 | Vaults:2 | Got a fine chain mail
 48810 | Vaults:2 | Identified the +2 chain mail "Wowycida" {*Contam rN+ rCorr}
                  | (You found it on level 2 of the Vaults)
 48875 | Vaults:2 | Gained mutation: You occasionally shout uncontrollably at
                  | your foes. [mutagenic glow]
 49179 | Vaults:3 | Found a staircase to the Crypt.
 49248 | Vaults:3 | Lost mutation: You occasionally shout uncontrollably at
                  | your foes. [potion of mutation]
 49248 | Vaults:3 | Gained mutation: Your magical capacity is low. (-10% MP)
                  | [potion of mutation]
 49248 | Vaults:3 | Gained mutation: You tend to lose your temper in combat.
                  | [potion of mutation]
 49248 | Vaults:3 | Gained mutation: You are weak. (Str -2) [potion of
                  | mutation]
 49248 | Vaults:3 | Gained mutation: You are completely covered in yellow
                  | scales. (AC +4, rCorr) [potion of mutation]
 49249 | Vaults:3 | Lost mutation: You tend to lose your temper in combat.
                  | [potion of mutation]
 49249 | Vaults:3 | Lost mutation: You are weak. (Str -2) [potion of mutation]
 49249 | Vaults:3 | Lost mutation: Your magical capacity is low. (-10% MP)
                  | [potion of mutation]
 49249 | Vaults:3 | Gained mutation: You possess an exceptional clarity of
                  | mind. [potion of mutation]
 49249 | Vaults:3 | Gained mutation: You are resistant to hostile enchantments.
                  | (MR+) [potion of mutation]
 49476 | Vaults:4 | Reached skill level 15 in Transmutations
 49757 | Vaults:4 | Noticed Sojobo
 49776 | Vaults:4 | Killed Sojobo
 49791 | Vaults:4 | Reached skill level 5 in Evocations
 50097 | Vaults:4 | Found Posuskoi's Book Shop.
 50250 | Vaults:4 | Reached XP level 21. HP: 124/160 MP: 24/24
 50460 | Vaults:4 | Noticed Boris
 50515 | Vaults:4 | Killed Boris
 51824 | Vaults:4 | Reached skill level 15 in Dodging
 52509 | Elf:1    | Entered Level 1 of the Elven Halls
 52582 | Elf:1    | Found the +6 shillelagh "Devastator" {shatter}
 52949 | Elf:1    | Identified the +1 plate armour of Xina {Dex+3} (You found
                  | it on level 1 of the Elven Halls)
 53092 | Elf:1    | Found Oskuobia's Jewellery Boutique.
 53468 | Elf:2    | Reached skill level 5 in Shields
 53491 | Elf:2    | Found a runed translucent gate.
 53491 | Elf:2    | Noticed Agnes
 53495 | Elf:2    | Killed Agnes
 53808 | Elf:2    | Found a runed translucent gate.
 53809 | Elf:2    | Found a runed translucent gate.
 53962 | Elf:2    | Found a deep blue altar of Sif Muna.
 54202 | Elf:2    | Reached XP level 22. HP: 145/171 MP: 24/28
 54818 | D:13     | Bought the +2 shield "Veat" {rPois rF+ Dex+3} for 507 gold
                  | pieces
 55079 | Elf:3    | Entered Level 3 of the Elven Halls
 55273 | Elf:3    | Reached skill level 22 in Unarmed Combat
 57130 | Elf:3    | Identified the Handbook of the Venomous Rocks
 57256 | Elf:3    | Got a brightly glowing ivory amulet
 57268 | Elf:3    | Identified the amulet "Rowkal" {Faith Str+6} (You found it
                  | on level 3 of the Elven Halls)
 57627 | Depths:1 | Entered Level 1 of the Depths
 57640 | Depths:1 | Found a one-way gate to the infinite horrors of the Abyss.
 58026 | Depths:1 | Found a gateway to a ziggurat.
 58116 | Depths:1 | HP: 2/173 [Ice Fiend[a lich] (45)]
 58822 | Depths:1 | Reached skill level 10 in Shields
 58828 | Depths:1 | Found a gateway to Hell.
 59640 | Depths:2 | Noticed a golden dragon
 59647 | Depths:2 | Killed a golden dragon
 59661 | Depths:2 | Noticed a caustic shrike
 59668 | Depths:2 | Killed a caustic shrike
 59851 | Depths:2 | Reached skill level 15 in Fighting
 59886 | Depths:2 | Gained mutation: You are completely covered in sharp
                  | spines. [demonic ancestry]
 59886 | Depths:2 | Reached XP level 23. HP: 163/181 MP: 23/29
 60686 | Depths:2 | Found a one-way gate leading to the halls of Pandemonium.
 61138 | Depths:3 | Found a runed translucent gate.
 61138 | Depths:3 | Found a runed translucent gate.
 61138 | Depths:3 | Noticed numlockpick's ghost (veteran GnGl)
 61139 | Depths:3 | Found a runed translucent gate.
 62064 | Depths:3 | Noticed a caustic shrike
 62070 | Depths:3 | Killed a caustic shrike
 62688 | Depths:3 | Reached skill level 10 in Hexes
 63661 | Depths:3 | Killed numlockpick's ghost
 63955 | Depths:4 | Reached XP level 24. HP: 191/191 MP: 24/29
 65502 | Depths:4 | Found a runed translucent door.
 65706 | Depths:4 | Noticed a juggernaut
 65712 | Depths:4 | Killed a juggernaut
 65727 | Depths:4 | Reached skill level 15 in Shields
 66490 | Depths:4 | Noticed a juggernaut
 66508 | Depths:4 | Killed a juggernaut
 66623 | Depths:4 | Identified the +1 troll leather armour of Rationality
                  | {-Tele Regen+ Int+3 Dex+9} (You found it on level 4 of the
                  | Depths)
 66991 | Depths:4 | Learned a level 6 spell: Invisibility
 66992 | Depths:5 | Entered Level 5 of the Depths
 67209 | Depths:5 | Identified the cursed +0 ring mail "Inotz" {rPois rF+}
 67255 | Depths:5 | Gained mutation: Your magical and physical power is greatly
                  | enhanced at high health. [demonic ancestry]
 67255 | Depths:5 | Reached XP level 25. HP: 170/203 MP: 23/29
 67923 | Depths:5 | Found a gate to the Realm of Zot.
 69146 | D:13     | Killed Sret's ghost
 69283 | D:6      | Killed 0gre's ghost
 69463 | Swamp:2  | Killed growler's ghost
 70634 | Vaults:5 | Entered Level 5 of the Vaults
 70698 | Vaults:5 | Noticed an ancient lich
 70704 | Vaults:5 | Killed an ancient lich
 70714 | Vaults:5 | Reached skill level 23 in Unarmed Combat
 70714 | Vaults:5 | Noticed an ancient lich
 70715 | Vaults:5 | Killed an ancient lich
 70721 | Vaults:5 | Found Yshrafeiw's Weapon Shoppe.
 70872 | Vaults:5 | Noticed Bai Suzhen
 70891 | Vaults:5 | Killed Bai Suzhen
 70891 | Vaults:5 | Reached skill level 15 in Hexes
 71068 | Vaults:5 | Got a silver rune of Zot
 71147 | Vaults:5 | Mutation became permanent: You are mostly covered in yellow
                  | scales. (AC +3) [demonic ancestry]
 71147 | Vaults:5 | Gained mutation: You are completely covered in yellow
                  | scales. (AC +4, rCorr) [demonic ancestry]
 71147 | Vaults:5 | Reached XP level 26. HP: 215/215 MP: 24/29
 71153 | Vaults:5 | Identified the +5 scale mail "Gadibb" {rPois rC- Regen+}
 71398 | Vaults:5 | Identified the cursed -5 hat of the Dwarven Hall {Dex+5}
                  | (You found it on level 5 of the Vaults)
 71702 | Vaults:5 | Found Gasahik's Gadget Shoppe.
 72715 | Zot:1    | Entered Level 1 of the Realm of Zot
 74516 | Zot:1    | Identified the cursed +0 cloak of Pumuoq {rC- rN+ Str+2}
                  | (You found it on level 1 of the Realm of Zot)
 75236 | Zot:2    | Reached skill level 24 in Unarmed Combat
 75240 | Zot:2    | Noticed an orb of fire
 75248 | Zot:2    | Killed an orb of fire
 75422 | Zot:2    | Reached XP level 27. HP: 177/226 MP: 24/29
 75906 | Zot:2    | Identified the +3 leather armour of the Secret Ships {rF+
                  | Str+4 Stlth-} (You found it on level 2 of the Realm of Zot)
 76077 | Zot:3    | Got a twitching diamond amulet
 76078 | Zot:3    | Identified the amulet of Ryoheus {Spirit rF- Int+2 Dex+6
                  | Stlth+} (You acquired it on level 3 of the Realm of Zot)
 78003 | Zot:4    | Noticed an orb of fire
 78008 | Zot:4    | Killed an orb of fire
 78138 | Zot:4    | Found the +10 Black Knight's horse barding {ponderous,
                  | rPois rN+}
 78288 | Zot:5    | Entered Level 5 of the Realm of Zot
 78802 | Zot:5    | Noticed an ancient lich
 78821 | Zot:5    | Noticed an orb of fire
 79105 | Zot:5    | Killed an ancient lich
 79105 | Zot:5    | Reached skill level 25 in Unarmed Combat
 79223 | Zot:5    | Gained mutation: Scrolls take you a little longer to read.
                  | [an orb of fire]
 79225 | Zot:5    | Gained mutation: You are weak. (Str -2) [an orb of fire]
 79229 | Zot:5    | Killed an orb of fire
 79277 | Zot:5    | Lost mutation: You are weak. (Str -2) [potion of mutation]
 79277 | Zot:5    | Lost mutation: You possess an exceptional clarity of mind.
                  | [potion of mutation]
 79277 | Zot:5    | Lost mutation: Scrolls take you a little longer to read.
                  | [potion of mutation]
 79277 | Zot:5    | Lost mutation: You are resistant to hostile enchantments.
                  | (MR+) [potion of mutation]
 79277 | Zot:5    | Gained mutation: Potions are less effective at restoring
                  | your health. [potion of mutation]
 79277 | Zot:5    | Gained mutation: You have a beak for a mouth. [potion of
                  | mutation]
 79277 | Zot:5    | Gained mutation: You do not regenerate when monsters are
                  | visible. [potion of mutation]
 79277 | Zot:5    | Gained mutation: You can translocate small distances at
                  | will. [potion of mutation]
 79278 | Zot:5    | Lost mutation: You have a beak for a mouth. [potion of
                  | mutation]
 79278 | Zot:5    | Lost mutation: Potions are less effective at restoring your
                  | health. [potion of mutation]
 79278 | Zot:5    | Gained mutation: Your muscles are strong. (Str +2) [potion
                  | of mutation]
 79278 | Zot:5    | Lost mutation: Your muscles are strong. (Str +2) [potion of
                  | mutation]
 79278 | Zot:5    | Gained mutation: You have a pair of small horns on your
                  | head. [potion of mutation]
 79279 | Zot:5    | Lost mutation: You do not regenerate when monsters are
                  | visible. [potion of mutation]
 79279 | Zot:5    | Gained mutation: You have a pair of horns on your head.
                  | [potion of mutation]
 79279 | Zot:5    | Gained mutation: Your spells are a little harder to cast,
                  | but a little more powerful. [potion of mutation]
 79373 | Zot:5    | Noticed an orb of fire
 79385 | Zot:5    | Killed an orb of fire
 79402 | Zot:5    | Noticed an orb of fire
 79407 | Zot:5    | Gained mutation: You are frail. (-10% HP) [an orb of fire]
 79409 | Zot:5    | Killed an orb of fire
 79410 | Zot:5    | Noticed an orb of fire
 79414 | Zot:5    | Killed an orb of fire
 79414 | Zot:5    | Noticed an ancient lich
 79418 | Zot:5    | Killed an ancient lich
 79647 | Zot:5    | Lost mutation: You have a pair of horns on your head.
                  | [potion of mutation]
 79647 | Zot:5    | Lost mutation: You have a pair of small horns on your head.
                  | [potion of mutation]
 79647 | Zot:5    | Lost mutation: Your spells are a little harder to cast, but
                  | a little more powerful. [potion of mutation]
 79647 | Zot:5    | Gained mutation: You expend magic power (3 MP) to
                  | strengthen your wands. [potion of mutation]
 79648 | Zot:5    | Lost mutation: You are frail. (-10% HP) [potion of
                  | mutation]
 79648 | Zot:5    | Lost mutation: You can translocate small distances at will.
                  | [potion of mutation]
 79648 | Zot:5    | Lost mutation: You expend magic power (3 MP) to strengthen
                  | your wands. [potion of mutation]
 79648 | Zot:5    | Gained mutation: Scrolls take you a little longer to read.
                  | [potion of mutation]
 79648 | Zot:5    | Gained mutation: You tend to lose your temper in combat.
                  | [potion of mutation]
 79648 | Zot:5    | Gained mutation: You are agile. (Dex +2) [potion of
                  | mutation]
 79649 | Zot:5    | Lost mutation: You are agile. (Dex +2) [potion of mutation]
 79649 | Zot:5    | Lost mutation: Scrolls take you a little longer to read.
                  | [potion of mutation]
 79649 | Zot:5    | Gained mutation: Your mind is acute. (Int +2) [potion of
                  | mutation]
 79649 | Zot:5    | Gained mutation: You are frail. (-10% HP) [potion of
                  | mutation]
 79649 | Zot:5    | Gained mutation: Your spells are a little easier to cast,
                  | but a little less powerful. [potion of mutation]
 79649 | Zot:5    | Gained mutation: Your natural rate of healing is unusually
                  | fast. [potion of mutation]
 79650 | Zot:5    | Lost mutation: You tend to lose your temper in combat.
                  | [potion of mutation]
 79650 | Zot:5    | Lost mutation: You are frail. (-10% HP) [potion of
                  | mutation]
 79650 | Zot:5    | Lost mutation: Your natural rate of healing is unusually
                  | fast. [potion of mutation]
 79650 | Zot:5    | Lost mutation: Your mind is acute. (Int +2) [potion of
                  | mutation]
 79650 | Zot:5    | Gained mutation: You are dopey. (Int -2) [potion of
                  | mutation]
 79650 | Zot:5    | Gained mutation: You are agile. (Dex +2) [potion of
                  | mutation]
 79650 | Zot:5    | Gained mutation: You are somewhat resistant to further
                  | mutation. [potion of mutation]
 79650 | Zot:5    | Lost mutation: Your spells are a little easier to cast, but
                  | a little less powerful. [potion of mutation]
 79651 | Zot:5    | Lost mutation: You are dopey. (Int -2) [potion of mutation]
 79822 | Zot:5    | Noticed an orb of fire
 79822 | Zot:5    | Noticed an orb of fire
 79827 | Zot:5    | Killed an orb of fire
 79831 | Zot:5    | Killed an orb of fire
 79859 | Zot:5    | Noticed an orb of fire
 79860 | Zot:5    | Noticed an ancient lich
 79860 | Zot:5    | Gained mutation: Your system is resistant to poisons.
                  | (rPois) [an orb of fire]
 79862 | Zot:5    | Killed an orb of fire
 79864 | Zot:5    | Killed an ancient lich
 79876 | Zot:5    | Noticed an orb of fire
 79882 | Zot:5    | Killed an orb of fire
 79882 | Zot:5    | Reached skill level 26 in Unarmed Combat
 80327 | Zot:5    | Noticed an orb of fire
 80332 | Zot:5    | Killed an orb of fire
 80332 | Zot:5    | Noticed an orb of fire
 80333 | Zot:5    | Gained mutation: Your spells are a little easier to cast,
                  | but a little less powerful. [an orb of fire]
 80344 | Zot:5    | Killed an orb of fire
 80463 | Zot:5    | Identified the ring "Izaoru Ucwi" {rElec rF+ Str+2 SInv}
 80466 | Zot:5    | Noticed an ancient lich
 80471 | Zot:5    | Killed an ancient lich
 80522 | Zot:5    | Lost mutation: Your spells are a little easier to cast, but
                  | a little less powerful. [potion of mutation]
 80522 | Zot:5    | Lost mutation: You are agile. (Dex +2) [potion of mutation]
 80522 | Zot:5    | Lost mutation: Your system is resistant to poisons. (rPois)
                  | [potion of mutation]
 80522 | Zot:5    | Lost mutation: You are somewhat resistant to further
                  | mutation. [potion of mutation]
 80522 | Zot:5    | Gained mutation: You are frail. (-10% HP) [potion of
                  | mutation]
 80522 | Zot:5    | Lost mutation: You are frail. (-10% HP) [potion of
                  | mutation]
 80672 | Zot:5    | Got the Orb of Zot
 81187 | D:6      | Noticed Wiatzeso the pandemonium lord
 81197 | D:5      | Killed Wiatzeso the pandemonium lord
 81308 | D:$      | Escaped with the Orb!

Skill      XL: |  1  2  3  4  5  6  7  8  9 10 11 12 13 14 15 16 17 18 19 20 21 22 23 24 25 26 27 |
---------------+----------------------------------------------------------------------------------+-----
Dodging        | 3 4 5 6 8 10 11 12 13 14 15 | 15.0
Unarmed Combat | 3 4 5 7 9 11 12 13 14 15 16 18 19 20 21 22 23 24 26 | 26.3
Fighting       | 4 5 6 7 8 10 11 12 13 15 16 17 19 20 23 | 23.7
Hexes          | 3 6 7 10 13 15 17 18 | 18.0
Armour         | 2 6 7 9 10 12 | 12.0
Transmutations | 1 6 8 10 12 13 14 15 | 15.0
Shields        | 4 6 10 13 15 | 15.0
Evocations     | 4 5 8 |  8.0
Stealth        | |  1.7

Action                   |  1- 3 |  4- 6 |  7- 9 | 10-12 | 13-15 | 16-18 | 19-21 | 22-24 | 25-27 || total
-------------------------+-------+-------+-------+-------+-------+-------+-------+-------+-------++-------
Melee: Unarmed           |   116 |   166 |   348 |   774 |  1666 |  1545 |  1582 |  1258 |  1095 ||  8550
       Kick              |    16 |    43 |   110 |   228 |   619 |   689 |   683 |   540 |   503 ||  3431
       Punch             |     3 |     4 |     9 |    37 |    94 |     3 |    24 |    87 |   127 ||   388
       Headbutt          |       |       |       |       |       |       |       |       |    11 ||    11
Throw: Tomahawk          |       |       |    11 |       |       |       |       |       |       ||    11
 Cast: Confusing Touch   |       |       |     7 |     4 |     2 |     3 |     2 |       |     1 ||    19
       Tukima's Dance    |       |       |       |       |     1 |       |       |     2 |       ||     3
       Blade Hands       |       |       |       |       |       |     4 |     9 |    50 |    66 ||   129
       Sticks to Snakes  |       |       |       |       |       |       |       |       |     1 ||     1
       Invisibility      |       |       |       |       |       |       |       |       |    12 ||    12
Invok: Lunge             |       |       |       |    41 |   102 |   127 |   142 |   136 |   133 ||   681
       Whirlwind         |       |       |       |   165 |   594 |   467 |   478 |   397 |   356 ||  2457
       Serpent's Lash    |       |       |       |     4 |    13 |    10 |    12 |     7 |    19 ||    65
       Heavenly Storm    |       |       |       |       |       |       |       |       |     3 ||     3
 Abil: End Transformatio |       |       |       |       |       |       |       |     2 |       ||     2
       Evoke Flight      |       |       |       |       |       |       |       |     3 |     2 ||     5
Evoke: Wand              |       |       |     4 |     7 |     4 |       |       |     1 |     6 ||    22
  Use: Scroll            |       |       |    16 |    16 |     7 |     8 |    11 |     6 |    23 ||    87
       Potion            |       |       |     2 |     1 |       |     2 |     3 |     5 |    20 ||    33
 Stab: Sleeping          |     2 |     7 |     6 |    19 |     7 |     1 |       |       |       ||    42
       Confused          |       |       |     6 |     4 |     1 |     5 |     1 |       |       ||    17
       Distracted        |       |       |       |     4 |       |       |     3 |     1 |       ||     8
       Invisible         |       |       |       |       |       |       |       |       |    52 ||    52
  Eat: Chunk             |     1 |     9 |    14 |    26 |    35 |    27 |    31 |    41 |    36 ||   220
       Ration            |       |       |       |     1 |     3 |     4 |     4 |     7 |    14 ||    33
Armor: Robe              |    37 |    20 |       |       |       |       |       |       |       ||    57
       Leather armour    |       |     3 |    83 |   151 |   158 |       |       |       |       ||   395
       Chain mail        |       |       |       |       |    98 |       |       |       |       ||    98
       Ring mail         |       |       |       |       |    62 |   380 |     5 |    13 |    55 ||   515
       Fire dragon scale |       |       |       |       |       |       |   219 |   239 |   148 ||   606
       Troll leather arm |       |       |       |       |       |       |       |       |    10 ||    10
Dodge: Dodged            |   104 |    87 |   241 |   361 |   776 |   659 |   375 |   476 |   439 ||  3518
       Deflected         |       |       |       |       |       |       |    20 |       |       ||    20
Block: Other             |       |    13 |   100 |   116 |   178 |     9 |    16 |    70 |    90 ||   592
       Reflection        |       |       |    29 |     4 |    19 |    18 |    75 |    39 |    10 ||   194
       Buckler           |       |       |       |       |    77 |   619 |   406 |     8 |       ||  1110
       Shield            |       |       |       |       |       |       |       |   213 |    95 ||   308
